[Event "Team 45 45 League T81"]
[Site "Internet Chess Club"]
[Date "2019.07.26"]
[Round "5"]
[White "Beddathanme"]
[Black "room-matt"]
[Result "0-1"]
[WhiteElo "1736"]
[BlackElo "1788"]
[Opening "Giuoco Piano"]
[ECO "C54"]
[Time "14:05:39"]
[TimeControl "2700+45"]

1. e4 e5 2. Nf3 Nc6 3. Bc4 Bc5 4. c3 Nf6 5. d3 d6 6. Bb3 O-O 7. Bg5 Bg4 8. Nbd2
h6 9. Bh4 a6 10. h3 Bh5 11. Qe2 Na5 12. Bc2 Nc6 13. g4 Bg6 14. g5 hxg5 15. Bxg5
Qe7 16. Nf1 Rad8 17. Ng3 d5 18. Nh4 Bh7 19. Nh5 Kh8 20. Qf3 dxe4 21. dxe4 Rd6
22. Nf5 Bxf5 23. exf5 e4 24. Qg2 Rg8 25. Bxf6 gxf6 26. Qxe4 Re8 27. Qxe7 Rxe7+
28. Kf1 Rd2 29. Bb3 Rxf2+ {White resigns} 0-1

[Event "Team 45 45 League T81"]
[Site "Internet Chess Club"]
[Date "2019.07.29"]
[Round "5"]
[White "MathBandit"]
[Black "sergerich191"]
[Result "0-1"]
[WhiteElo "1636"]
[BlackElo "1775"]
[Opening "Caro-Kann: Panov-Botvinnik attack"]
[ECO "B13"]
[Time "18:00:48"]
[TimeControl "2700+45"]

1. e4 c6 2. d4 d5 3. exd5 cxd5 4. c4 Nf6 5. Nc3 Nc6 6. Nf3 Bg4 7. Be2 e6 8. h3
Bh5 9. Qa4 Qd7 10. Bf4 a6 11. O-O Be7 12. Ne5 Nxe5 13. Bxh5 Qxa4 14. Nxa4 Nd3
{White resigns} 0-1

[Event "Team 45 45 League T81"]
[Site "Internet Chess Club"]
[Date "2019.07.28"]
[Round "5"]
[White "dabodhi"]
[Black "President"]
[Result "0-1"]
[WhiteElo "1299"]
[BlackElo "1549"]
[Opening "Owen defense"]
[ECO "B00"]
[Time "20:01:47"]
[TimeControl "2700+45"]

1. e4 b6 2. d4 Bb7 3. Bd3 e6 4. Qe2 c5 5. c3 Nf6 6. Nf3 d5 7. e5 Ne4 8. Nbd2 Ng5
9. h4 Nxf3+ 10. Nxf3 c4 11. Bc2 h6 12. g4 Be7 13. Be3 Bc6 14. O-O-O Nd7 15. g5
Nf8 16. gxh6 gxh6 17. h5 Kd7 18. Rdg1 b5 19. Qd2 Qa5 20. Bxh6 b4 21. Bxf8 Rhxf8
22. Bb1 bxc3 23. bxc3 Ba3+ 24. Kd1 Rab8 25. Ke2 Rb2 26. Bc2 Ba4 27. Rc1 Rxa2 28.
Ne1 Bxc1 29. Qxc1 Qxc3 30. Qb1 Rxc2+ 31. Nxc2 Qxc2+ 32. Qxc2 Bxc2 33. h6 Bf5 34.
h7 Rh8 35. Ra1 Rxh7 36. Rxa7+ Kc6 37. Ra5 Kb6 38. Rc5 Bg6 39. f4 Rh3 40. Rc8 Rd3
41. Rb8+ Kc7 42. Ra8 Rxd4 43. Ra7+ Kb6 44. Ra8 Rxf4 {White resigns} 0-1

[Event "Team 45 45 League T81"]
[Site "Internet Chess Club"]
[Date "2019.07.25"]
[Round "5"]
[White "Monterrey"]
[Black "trener"]
[Result "1-0"]
[WhiteElo "1998"]
[BlackElo "1731"]
[Opening "QGD: exchange, positional line"]
[ECO "D35"]
[Time "16:31:06"]
[TimeControl "2700+45"]

1. d4 d5 2. c4 e6 3. Nc3 Nf6 4. cxd5 exd5 5. Bg5 Be7 6. e3 c6 7. Bd3 Nbd7 8. Nf3
O-O 9. Qc2 Re8 10. O-O Nf8 11. h3 Ng6 12. Rab1 Ne4 13. Bxe7 Qxe7 14. b4 a6 15.
Rfc1 Nxc3 16. Qxc3 Qf6 17. Bxg6 hxg6 18. Ne5 Qg5 19. Kf1 f6 20. Nf3 Qh5 21. Ng1
g5 22. a4 g4 23. hxg4 Bxg4 24. b5 axb5 25. axb5 Bd7 26. bxc6 Bxc6 27. Nh3 Ra2
28. Rb2 Rxb2 29. Qxb2 Ra8 30. Nf4 Qf5 31. Qb3 g5 32. Ne2 Kg7 33. g4 Qxg4 34.
Rxc6 {Black resigns} 1-0

[Event "Team 45 45 League T81"]
[Site "Internet Chess Club"]
[Date "2019.07.25"]
[Round "5"]
[White "MacroPawn"]
[Black "cayo89"]
[Result "1-0"]
[WhiteElo "1728"]
[BlackElo "1651"]
[Opening "English opening"]
[ECO "A10"]
[Time "20:01:43"]
[TimeControl "2700+45"]

1. c4 d6 2. Nf3 e5 3. Nc3 Nf6 4. g3 c6 5. Bg2 Be7 6. c5 O-O 7. cxd6 Bxd6 8. d3
Bg4 9. O-O Nbd7 10. b3 Qe7 11. h3 Bh5 12. Qc2 Rfe8 13. Nh4 Bg6 14. Nxg6 hxg6 15.
a3 a5 16. Bb2 Rac8 17. Nd1 e4 18. d4 e3 19. f4 Nb6 20. Qc3 Nbd5 21. Qd3 Qe6 22.
Rf3 Re7 23. Bc1 Rce8 24. Nb2 b5 25. Qc2 Qd7 26. Nd3 Ne4 27. Ne5 Bxe5 28. fxe5
Ng5 29. Rxe3 Nxh3+ 30. Kh2 Nf2 31. Rf3 Ng4+ 32. Kg1 Nxe5 33. dxe5 Rxe5 34. Bf1
Ne3 35. Bxe3 Rxe3 36. Rd1 Qe6 37. Rd3 Re5 38. Qd2 c5 39. Rd8 Qb6 40. Rxe8+ Rxe8
41. Qd7 c4+ 42. Kg2 Qe6 43. Qxb5 cxb3 44. Rxb3 Qe4+ 45. Rf3 a4 46. Qd7 Re7 47.
Qd3 Qc6 48. Qd4 Rd7 49. Qe3 Rb7 50. Qf4 Qb5 51. Rd3 Qc6+ 52. Kh2 Qe8 53. Qg5 Rb8
54. Qd2 Kh7 55. Rd4 Rb3 56. Qf4 Rb8 57. Rxa4 Qb5 58. Rb4 Qh5+ 59. Qh4 {Black
resigns} 1-0

[Event "Team 45 45 League T81"]
[Site "Internet Chess Club"]
[Date "2019.07.27"]
[Round "5"]
[White "ivanson"]
[Black "g8wrb"]
[Result "1-0"]
[WhiteElo "1657"]
[BlackElo "1298"]
[Opening "French: Tarrasch, closed variation"]
[ECO "C05"]
[Time "13:05:02"]
[TimeControl "2700+45"]

1. e4 e6 2. d4 d5 3. Nd2 Nf6 4. e5 Nfd7 5. Bd3 c5 6. c3 Qb6 7. Ne2 Nc6 8. Nf3
cxd4 9. cxd4 Be7 10. O-O O-O 11. a3 f6 12. exf6 Nxf6 13. Re1 Bd7 14. Rb1 Na5 15.
Nf4 Bd6 16. Ne5 Rfe8 17. b4 Nc4 18. Nxc4 dxc4 19. Bxc4 Bxf4 20. Bxf4 Bb5 21. Bb3
Rac8 22. Be5 Bc4 23. Rc1 Bxb3 24. Qxb3 Nd5 25. h3 a6 26. Rc5 Rxc5 27. dxc5 Qc6
28. Qg3 Re7 29. Bb2 Qc7 30. Qxc7 Nxc7 31. Kf1 Kf7 32. Ke2 Nd5 33. g3 g5 34. Kf3
h6 35. Ke4 Rd7 36. Re2 Ne7 37. f4 Nf5 38. Rg2 Rd1 39. fxg5 hxg5 40. Rf2 Kg6 41.
g4 Re1+ 42. Kd3 Re3+ 43. Kd2 Rxh3 44. gxf5+ exf5 45. Re2 f4 46. a4 g4 47. Be5
Kf5 48. Bb8 f3 49. Re5+ Kg6 50. Ke3 Rh1 51. Kf2 Rh3 52. Re8 Kf5 53. Rg8 Rh1 54.
Rf8+ Kg5 55. b5 axb5 56. axb5 Rb1 57. b6 Rb5 58. Bd6 Rb2+ 59. Kf1 Rb1+ 60. Kf2
Rb2+ 61. Ke1 Rb1+ 62. Kd2 Kh4 63. Rh8+ Kg5 64. Bg3 Rb2+ 65. Kc3 Rg2 66. Bh4+ Kf4
67. c6 f2 68. cxb7 Ke3 69. Re8+ Kf4 70. b8=Q+ {Black resigns} 1-0

[Event "Team 45 45 League T81"]
[Site "Internet Chess Club"]
[Date "2019.07.28"]
[Round "5"]
[White "Monterrey"]
[Black "santiagoelawad"]
[Result "0-1"]
[WhiteElo "1979"]
[BlackElo "1955"]
[Opening "QGD Slav: 4.Nc3"]
[ECO "D15"]
[Time "20:11:46"]
[TimeControl "2700+45"]

1. d4 d5 2. c4 c6 3. Nf3 Nf6 4. Nc3 a6 5. e3 Bf5 6. Bd3 Bg6 7. O-O e6 8. Qe2 Bb4
9. Bd2 O-O 10. a3 Bxc3 11. Bxc3 Ne4 12. Bb4 Re8 13. Ne5 a5 14. Be1 Nd7 15. Nxg6
hxg6 16. f3 Nd6 17. c5 Nf5 18. g4 Ne7 19. Bc3 e5 20. dxe5 Nxc5 21. Bc2 a4 22.
Rad1 Qc7 23. Qf2 Nb3 24. Qh4 Qb6 25. Qf2 Nc8 26. f4 Na7 27. f5 g5 28. f6 g6 29.
Bxg6 Nb5 30. Qg3 Nxc3 31. bxc3 Qc7 32. Qh3 fxg6 33. f7+ Kg7 34. fxe8=Q Rxe8 35.
Rf6 Qxe5 36. Rdf1 Qxf6 37. Rxf6 Kxf6 38. Qh7 Rxe3 39. Kf2 Re7 40. Qh8+ Ke6 41.
Qg8+ Kd7 42. Qxg6 Nc5 43. Qf5+ Kc7 44. Kf3 Ne4 45. Qf8 Rh7 46. Kg2 b5 47. Qf5
Rh6 48. Qe5+ Kb6 49. Qd4+ Ka6 50. Qg7 Rf6 51. Qh8 Kb6 52. h4 gxh4 53. Qxh4 Kc5
54. Qe1 Kc4 55. Qe3 Nxc3 56. Kg3 Ne4+ 57. Kh4 c5 58. Kh5 b4 59. g5 Rf5 {White
resigns} 0-1

[Event "Team 45 45 League T81"]
[Site "Internet Chess Club"]
[Date "2019.07.28"]
[Round "5"]
[White "jjmolina"]
[Black "laurenpar"]
[Result "0-1"]
[WhiteElo "1700"]
[BlackElo "1901"]
[Opening "French: Winawer, advance, poisoned pawn, Konstantinopolsky variation"]
[ECO "C18"]
[Time "03:02:38"]
[TimeControl "2700+45"]

1. e4 e6 2. d4 d5 3. Nc3 Bb4 4. e5 Ne7 5. a3 Bxc3+ 6. bxc3 c5 7. Qg4 Qc7 8. Qxg7
Rg8 9. Qxh7 cxd4 10. Ne2 Nbc6 11. f4 dxc3 12. Qd3 d4 13. Nxd4 Nxd4 14. Qxd4 Bd7
15. Rb1 Nf5 16. Qf2 Qc6 17. Rg1 Qe4+ 18. Qe2 Qd4 19. Qf2 Qe4+ 20. Qe2 Qd4 21.
Qf2 Bc6 22. Rb4 Qd5 23. g3 O-O-O 24. Bd3 Nd4 25. Kd1 a5 26. Rxd4 Qxd4 27. Qxd4
Rxd4 28. Ke2 b5 29. Be3 Ra4 30. Ra1 b4 31. Bc5 Kc7 32. Bd6+ Kb6 33. Ke3 Bb5 34.
Kf3 Bxd3 35. cxd3 b3 36. g4 c2 {White resigns} 0-1

[Event "Team 45 45 League T81"]
[Site "Internet Chess Club"]
[Date "2019.07.27"]
[Round "5"]
[White "Otelo"]
[Black "primerpaso"]
[Result "0-1"]
[WhiteElo "1635"]
[BlackElo "1721"]
[Opening "English: Neo-Catalan declined"]
[ECO "A14"]
[Time "18:00:51"]
[TimeControl "2700+45"]

1. Nf3 d5 2. c4 e6 3. g3 Nf6 4. Bg2 Be7 5. O-O O-O 6. b3 b6 7. Bb2 Bb7 8. e3 Na6
9. d4 Re8 10. Nc3 dxc4 11. Qe2 cxb3 12. axb3 Nb4 13. Rfc1 c5 14. dxc5 Bxc5 15.
Nb5 a6 16. Nbd4 Be4 17. Ne5 Bxg2 18. Kxg2 Qd5+ 19. Ndf3 a5 20. Qc4 Rac8 21. Qh4
Qe4 22. Qh3 Nc6 23. Rc4 Qd5 24. Nxc6 Rxc6 25. Bxf6 gxf6 26. Qh6 Qf5 27. h3 Bf8
28. Qh4 Rxc4 29. bxc4 Rc8 30. Rd1 e5 31. Rd5 a4 32. Nd4 Qg5 33. Qe4 Rxc4 34. Qd3
Rc5 35. Nb5 Rxd5 36. Qxd5 Qf5 37. Qc4 a3 38. Qb3 Qe6 39. Qa4 Qc6+ 40. Kh2 a2
{White resigns} 0-1

[Event "Team 45 45 League T81"]
[Site "Internet Chess Club"]
[Date "2019.07.25"]
[Round "5"]
[White "Portola"]
[Black "Beddathanme"]
[Result "0-1"]
[WhiteElo "1741"]
[BlackElo "1751"]
[Opening "Queen's pawn"]
[ECO "A40"]
[Time "19:01:18"]
[TimeControl "2700+45"]

1. d4 e6 2. Nf3 f5 3. Bg5 Nf6 4. Bxf6 Qxf6 5. c3 b6 6. Nbd2 Bb7 7. e3 Be7 8. Bd3
O-O 9. Qe2 a5 10. h4 Nc6 11. a4 d6 12. Bc4 Rae8 13. Bb5 Bd8 14. Qc4 Ne7 15. Bxe8
Rxe8 16. g3 Kh8 17. Rg1 e5 18. dxe5 dxe5 19. Qb5 Nc6 20. O-O-O Qe6 21. Qc4 Qg6
22. Ng5 Bxg5 23. hxg5 Qxg5 24. Nf3 Qe7 25. Nh4 g6 26. Rd2 e4 27. Rgd1 Ne5 28.
Qd4 Kg8 29. Kb1 Qe6 30. Ka1 Qb3 31. Kb1 Nc4 32. Qd7 Rf8 33. Qe6+ Rf7 34. Rd8+
Kg7 35. Qe8 Qxb2# {White checkmated} 0-1

[Event "Team 45 45 League T81"]
[Site "Internet Chess Club"]
[Date "2019.07.30"]
[Round "5"]
[White "fledermaus"]
[Black "Zebbile"]
[Result "1/2-1/2"]
[WhiteElo "1839"]
[BlackElo "1735"]
[Opening "English opening"]
[ECO "A05"]
[Time "17:02:31"]
[TimeControl "2700+45"]

1. Nf3 Nf6 2. c4 g6 3. Nc3 d5 4. cxd5 Nxd5 5. Qa4+ Nc6 6. Ne5 Nxc3 7. dxc3 Bd7
8. Nxd7 Qxd7 9. e4 Ne5 10. Qxd7+ Nxd7 11. Be3 Bg7 12. O-O-O a6 13. Bc4 e6 14.
Rd2 O-O-O 15. Rhd1 Ne5 16. Be2 Nc6 17. Bg5 Rxd2 18. Rxd2 h6 19. Be3 Rd8 20. Bc5
Be5 21. Be3 {Game drawn by mutual agreement} 1/2-1/2

[Event "Team 45 45 League T81"]
[Site "Internet Chess Club"]
[Date "2019.07.28"]
[Round "5"]
[White "suicidepawn"]
[Black "LookImYourVader"]
[Result "1/2-1/2"]
[WhiteElo "1835"]
[BlackElo "1791"]
[Opening "Scotch opening"]
[ECO "C44"]
[Time "17:01:28"]
[TimeControl "2700+45"]

1. e4 e5 2. Nf3 Nc6 3. d4 exd4 4. g3 Bb4+ 5. c3 dxc3 6. bxc3 Bc5 7. Bg2 Qe7 8.
O-O d6 9. Bg5 Nf6 10. Nd4 O-O 11. Nxc6 bxc6 12. e5 Qxe5 13. Bf4 Qh5 14. Bxc6
Qxd1 15. Rxd1 Rb8 16. Nd2 Bb7 17. Bxb7 Rxb7 18. Nb3 Bb6 19. c4 Re8 20. c5 Bxc5
21. Nxc5 dxc5 22. Rac1 h6 23. Rxc5 Re2 24. Rxc7 Rxc7 25. Bxc7 {Game drawn by
mutual agreement} 1/2-1/2

[Event "Team 45 45 League T81"]
[Site "Internet Chess Club"]
[Date "2019.07.28"]
[Round "5"]
[White "jonesey"]
[Black "backrankbrawler"]
[Result "1-0"]
[WhiteElo "1830"]
[BlackElo "1703"]
[Opening "French: Burn variation"]
[ECO "C11"]
[Time "19:01:36"]
[TimeControl "2700+45"]

1. e4 e6 2. d4 d5 3. Nc3 Nf6 4. Bg5 dxe4 5. Nxe4 Nbd7 6. Nf3 h6 7. Nxf6+ Nxf6 8.
Bh4 c5 9. Bxf6 gxf6 10. dxc5 Qa5+ 11. c3 Qxc5 12. Qd4 e5 13. Qe4 Be7 14. O-O-O
Qxf2 15. Bb5+ Kf8 16. Nxe5 fxe5 17. Rhf1 Bg5+ 18. Kb1 Qe3 19. Qg6 f5 20. Rxf5+
Bxf5+ 21. Qxf5+ Kg8 22. Bc4+ Kg7 23. Qf7# {Black checkmated} 1-0

[Event "Team 45 45 League T81"]
[Site "Internet Chess Club"]
[Date "2019.07.29"]
[Round "5"]
[White "elmaestro"]
[Black "Invicta-Knight"]
[Result "1-0"]
[WhiteElo "1701"]
[BlackElo "1488"]
[Opening "Queen's pawn game"]
[ECO "A45"]
[Time "15:06:03"]
[TimeControl "2700+45"]

1. d4 Nf6 2. e3 g6 3. Bd3 Bg7 4. Nf3 d6 5. O-O Bg4 6. h3 Bh5 7. Be2 Bxf3 8. Bxf3
c6 9. Nd2 Nbd7 10. Qe2 Qc7 11. c3 e5 12. b4 h5 13. a4 g5 14. Rb1 g4 15. hxg4
hxg4 16. Bxg4 e4 17. f4 exf3 18. Qxf3 O-O-O 19. e4 Nxg4 20. Qxg4 Rdg8 21. Qf5 d5
22. e5 Kb8 23. Nf3 Nb6 24. Bf4 Bh6 25. Ng5 Bxg5 26. Bxg5 Rh5 27. Bd8 Qxd8 28.
Qxh5 Rh8 29. Qxf7 Qh4 30. Qf4 Qe7 31. e6+ Ka8 32. Qf6 Qd6 33. Qxh8+ {Black
resigns} 1-0

[Event "Team 45 45 League T81"]
[Site "Internet Chess Club"]
[Date "2019.07.26"]
[Round "5"]
[White "ArturitoGalacti"]
[Black "cool64chess"]
[Result "1/2-1/2"]
[WhiteElo "1822"]
[BlackElo "1912"]
[Opening "Réti: Nimzovich-Larsen attack"]
[ECO "A06"]
[Time "14:00:43"]
[TimeControl "2700+45"]

1. Nf3 d5 2. b3 Nf6 3. Bb2 e6 4. e3 Be7 5. Be2 O-O 6. Ne5 Nfd7 7. O-O Nxe5 8.
Bxe5 Bf6 9. Bxf6 Qxf6 10. d4 e5 11. Nc3 c6 12. dxe5 Qxe5 13. Qd4 Qxd4 14. exd4
Bf5 {Game drawn by mutual agreement} 1/2-1/2

[Event "Team 45 45 League T81"]
[Site "Internet Chess Club"]
[Date "2019.07.27"]
[Round "5"]
[White "PJ"]
[Black "Ajolote"]
[Result "0-1"]
[WhiteElo "1571"]
[BlackElo "1943"]
[Opening "Sicilian: closed"]
[ECO "B23"]
[Time "14:00:36"]
[TimeControl "2700+45"]

1. e4 c5 2. Nc3 a6 3. g3 b5 4. Bg2 Bb7 5. d3 e6 6. Be3 Nc6 7. f4 b4 8. Nce2 Nf6
9. Nf3 Ng4 10. Bg1 h5 11. h3 Nf6 12. Be3 d5 13. e5 d4 14. Bd2 Nd5 15. Ng5 Be7
16. h4 Bxg5 17. hxg5 Nce7 18. Be4 Nf5 19. Bxd5 Qxd5 20. Rg1 h4 {White resigns}
0-1

[Event "Team 45 45 League T81"]
[Site "Internet Chess Club"]
[Date "2019.07.26"]
[Round "5"]
[White "nealbruce"]
[Black "Demachaeron"]
[Result "0-1"]
[WhiteElo "1660"]
[BlackElo "1768"]
[Opening "Scandinavian (center counter) defense"]
[ECO "B01"]
[Time "21:01:16"]
[TimeControl "2700+45"]

1. e4 d5 2. exd5 Qxd5 3. Nc3 Qd8 4. d4 Nf6 5. Nf3 Bg4 6. Bc4 e6 7. Be3 Nbd7 8.
h3 Bh5 9. g4 Bg6 10. g5 Ne4 11. Nxe4 Bxe4 12. Bd3 Bc6 13. Qe2 Nb6 14. O-O-O Qd5
15. Ne5 Qxa2 16. Nxc6 bxc6 17. c3 Be7 18. Be4 O-O 19. Bxc6 Rab8 20. Bb5 Nd5 21.
Bd3 Qa1+ 22. Bb1 Nxc3 23. Qc2 Na2+ 24. Kd2 Rxb2 25. Ke1 Rxc2 26. Bxc2 Qc3+ 27.
Rd2 Nb4 28. Be4 Rb8 29. Kf1 Nd5 30. Rd3 Nxe3+ 31. Rxe3 Qxd4 32. h4 Qd1+ 33. Kg2
Qg4+ 34. Rg3 Qxe4+ {White resigns} 0-1

[Event "Team 45 45 League T81"]
[Site "Internet Chess Club"]
[Date "2019.07.27"]
[Round "5"]
[White "Egmont"]
[Black "MathBandit"]
[Result "1-0"]
[WhiteElo "1634"]
[BlackElo "1647"]
[Opening "QGD: Chigorin defense"]
[ECO "D07"]
[Time "10:01:20"]
[TimeControl "2700+45"]

1. d4 d5 2. c4 Nc6 3. Nf3 Bg4 4. Nc3 e6 5. a3 Nge7 6. Bf4 Rc8 7. e3 Ng6 8. Bg3
Nce7 9. Be2 c6 10. Qb3 Qb6 11. Qxb6 axb6 12. Na4 dxc4 13. Nxb6 Rd8 14. Bc7
{Black resigns} 1-0

[Event "Team 45 45 League T81"]
[Site "Internet Chess Club"]
[Date "2019.07.28"]
[Round "5"]
[White "Demachaeron"]
[Black "Constrictor"]
[Result "1/2-1/2"]
[WhiteElo "1739"]
[BlackElo "1559"]
[Opening "Alekhine's defense: modern, Flohr variation"]
[ECO "B05"]
[Time "20:03:57"]
[TimeControl "2700+45"]

1. e4 Nf6 2. e5 Nd5 3. d4 d6 4. Nf3 Bg4 5. Be2 c6 6. O-O Bxf3 7. Bxf3 dxe5 8.
dxe5 e6 9. c4 Ne7 10. Qxd8+ Kxd8 11. Nd2 Nd7 12. Ne4 Ng6 13. Nd6 Ngxe5 14. Nxb7+
Kc8 15. Na5 Nxf3+ 16. gxf3 Kc7 17. Nb3 Nb6 18. Bf4+ Kc8 19. Rac1 Be7 20. Na5 c5
21. Nc6 Bf6 22. Be5 Bxe5 23. Nxe5 f6 24. Nf7 Rf8 25. Nd6+ Kc7 26. Rfd1 Rad8 27.
Nb5+ Kb7 28. b3 Nd7 29. Rd6 Ne5 30. Kg2 Rxd6 31. Nxd6+ Kc6 32. Ne4 Rd8 {Game
drawn by mutual agreement} 1/2-1/2

[Event "Team 45 45 League T81"]
[Site "Internet Chess Club"]
[Date "2019.07.28"]
[Round "5"]
[White "Hal2001"]
[Black "Chess4Him"]
[Result "1-0"]
[WhiteElo "1524"]
[BlackElo "1467"]
[Opening "Robatsch (modern) defense"]
[ECO "B06"]
[Time "21:04:28"]
[TimeControl "2700+45"]

1. e4 g6 2. f4 Bg7 3. Nf3 d6 4. d4 a6 5. Bc4 b5 6. Bb3 Bb7 7. Qe2 Nd7 8. O-O c5
9. c3 Nh6 10. Ng5 c4 11. Bc2 Nf6 12. h3 Qd7 13. e5 Nh5 14. e6 Qc7 15. exf7+ Nxf7
16. Qe6 O-O 17. Nxh7 Qc6 18. Qxg6 Qd5 19. Rf2 Nh8 20. Qg4 Bc8 21. Qg5 Qxg5 22.
Nxg5 Nf6 23. Nd2 d5 24. Ndf3 Nf7 25. Nxf7 Kxf7 26. Ne5+ Kg8 27. Ng6 Re8 28. Re2
Ra7 29. g4 Kf7 30. Ne5+ Kf8 31. Bg6 Rc7 32. Bxe8 Nxe8 33. Bd2 Nd6 34. Nf3 Ne4
35. Ng5 Nxd2 36. Rxd2 Bh6 37. Re2 Rc6 38. Rae1 Bxg5 39. fxg5 e6 40. Re5 Kf7 41.
Rf1+ Kg7 42. Rf6 a5 43. h4 b4 44. h5 Rb6 45. h6+ Kh7 46. Rf7+ Kg8 47. g6 bxc3
48. h7+ Kh8 49. g7+ Kxh7 50. Rg5 c2 51. g8=Q+ Kh6 52. Qg6# {Black checkmated}
1-0

[Event "Team 45 45 League T81"]
[Site "Internet Chess Club"]
[Date "2019.07.28"]
[Round "5"]
[White "dld6928"]
[Black "Gilguli"]
[Result "1-0"]
[WhiteElo "1379"]
[BlackElo "1287"]
[Opening "Sicilian: Canal-Sokolsky (Nimzovich-Rossolimo, Moscow) attack"]
[ECO "B51"]
[Time "14:30:41"]
[TimeControl "2700+45"]

1. e4 c5 2. Nf3 d6 3. Bb5+ Nc6 4. O-O a6 5. Bxc6+ bxc6 6. h3 Nf6 7. d3 Rb8 8.
Nbd2 e5 9. Re1 Be7 10. b3 Be6 11. c3 Qc8 12. d4 cxd4 13. cxd4 exd4 14. Nxd4 Bd7
15. Ba3 c5 16. Nf5 Bxf5 17. exf5 Qxf5 18. Nc4 Ne4 19. f3 Bf6 20. Nxd6+ {Black
resigns} 1-0

[Event "Team 45 45 League T81"]
[Site "Internet Chess Club"]
[Date "2019.07.25"]
[Round "5"]
[White "VictorRed"]
[Black "RD1974"]
[Result "1-0"]
[WhiteElo "1694"]
[BlackElo "1573"]
[Opening "Dutch defense, Rubinstein variation"]
[ECO "A40"]
[Time "22:01:07"]
[TimeControl "2700+45"]

1. d4 e6 2. c4 f5 3. Nc3 Nf6 4. Nf3 Be7 5. Qc2 O-O 6. e4 d5 7. cxd5 Bb4 8. dxe6
Nxe4 9. Bc4 Qe7 10. d5 Nd6 11. Bd3 c5 12. Bg5 Qc7 13. O-O c4 14. Be2 b5 15. Nd4
Bxc3 16. bxc3 Qb6 17. Bf3 Bb7 18. Be7 Na6 19. Bxf8 Rxf8 20. Rfe1 Ne4 21. Bxe4
fxe4 22. Qxe4 Nc5 23. Qg4 Nd3 24. Re2 Bxd5 25. Nf5 g6 26. Ne7+ Kg7 27. Nxd5 Qc6
28. Qd4+ Kh6 29. e7 Re8 30. Nf6 {Black resigns} 1-0

[Event "Team 45 45 League T81"]
[Site "Internet Chess Club"]
[Date "2019.07.27"]
[Round "5"]
[White "scostanzo212"]
[Black "julesraider"]
[Result "1-0"]
[WhiteElo "1581"]
[BlackElo "1597"]
[Opening "King's Indian: orthodox, Aronin-Taimanov variation (Yugoslav attack / Mar del Plata variation)"]
[ECO "E97"]
[Time "13:00:58"]
[TimeControl "2700+45"]

1. d4 Nf6 2. c4 g6 3. Nc3 Bg7 4. e4 d6 5. Nf3 O-O 6. Be2 e5 7. O-O Nc6 8. d5 Ne7
9. Bg5 h6 10. Bh4 g5 11. Bg3 Ng6 12. Nd2 Ne8 13. b4 f5 14. f3 f4 15. Bf2 h5 16.
c5 Rf7 17. cxd6 cxd6 18. Qb3 g4 19. a4 Qg5 20. Kh1 g3 21. Bg1 h4 22. Rfc1 h3 23.
Bf1 hxg2+ 24. Bxg2 Nh4 25. h3 Nxg2 26. Kxg2 Qh4 27. Kf1 Bxh3+ 28. Ke2 Bf8 29. b5
Nf6 30. a5 Nh5 31. b6 g2 32. bxa7 Ng3+ 33. Kd3 Nf1 34. Nb5 Ne3 35. Rc3 Qd8 36.
Qb4 Bd7 37. Rac1 Bxb5+ 38. Qxb5 Rxa7 39. Nb3 Ra8 40. Ke2 Qg5 41. Rc7 Qg7 42.
Rxf7 Qxf7 43. Qb6 Qd7 44. Rc7 Qa4 45. Qxb7 Qa2+ 46. Nd2 Rxa5 47. Rh7 Nc4 48.
Qf7# {Black checkmated} 1-0

[Event "Team 45 45 League T81"]
[Site "Internet Chess Club"]
[Date "2019.07.27"]
[Round "5"]
[White "ARMAND02019"]
[Black "noblitz-oblige"]
[Result "1-0"]
[WhiteElo "1622"]
[BlackElo "1528"]
[Opening "Kevitz-Trajkovich defense"]
[ECO "A50"]
[Time "12:06:08"]
[TimeControl "2700+45"]

1. d4 Nf6 2. c4 Nc6 3. Nc3 e5 4. d5 Ne7 5. e4 Ng6 6. Nf3 Bc5 7. h3 d6 8. b4 Bb6
9. Be2 O-O 10. a4 a6 11. O-O Re8 12. Kh1 Bd7 13. Nh2 Bd4 14. Ra3 Bxc3 15. Rxc3
Nxe4 16. Ra3 Nf6 17. Ng4 Nxg4 18. Bxg4 Bxg4 19. Qxg4 Qh4 20. Qe2 h6 21. Rg3 Qe7
22. Re1 Qd7 23. Qc2 Rac8 24. Qb3 b6 25. Kg1 b5 26. axb5 axb5 27. c5 dxc5 28.
bxc5 Rcd8 29. d6 cxd6 30. Rxg6 d5 31. Rg3 Rc8 32. Bxh6 g6 33. Qf3 Rxc5 34. Qf6
{Black resigns} 1-0

[Event "Team 45 45 League T81"]
[Site "Internet Chess Club"]
[Date "2019.07.26"]
[Round "5"]
[White "cpic2363"]
[Black "Andaluz"]
[Result "1-0"]
[WhiteElo "1500"]
[BlackElo "1316"]
[Opening "Sicilian: Alapin's variation (2.c3)"]
[ECO "B22"]
[Time "14:08:45"]
[TimeControl "2700+45"]

1. e4 c5 2. c3 d5 3. exd5 Qxd5 4. Nf3 Nf6 5. d4 cxd4 6. Qxd4 e6 7. Bc4 Qxd4 8.
Nxd4 Be7 9. Bf4 O-O 10. O-O a6 11. a4 Nbd7 12. Bg3 Nb6 13. Be2 a5 14. Nd2 Nbd5
15. Bf3 Ra6 16. Nb5 Ne8 17. Ne4 f5 18. Nd2 Bg5 19. Bxd5 Bxd2 20. Rad1 Bg5 21. h4
Bf6 22. Ba2 Kh8 23. Bd6 Rf7 24. g3 h6 25. Rfe1 g6 26. Bxe6 Bxe6 27. Rxe6 Ng7 28.
Ree1 Kh7 29. Be5 g5 30. Bxf6 Rfxf6 31. Re7 b6 32. h5 Ra8 33. Rdd7 Rg8 34. Nc7
Kh8 35. b4 axb4 36. cxb4 g4 37. a5 bxa5 38. bxa5 f4 39. a6 fxg3 40. fxg3 {Black
resigns} 1-0

[Event "Team 45 45 League T81"]
[Site "Internet Chess Club"]
[Date "2019.07.28"]
[Round "5"]
[White "President"]
[Black "idjit"]
[Result "0-1"]
[WhiteElo "1542"]
[BlackElo "1628"]
[Opening "Nimzovich-Larsen attack: modern variation"]
[ECO "A01"]
[Time "12:00:58"]
[TimeControl "2700+45"]

1. b3 e5 2. Bb2 Nc6 3. e3 d5 4. Bb5 Bd6 5. Nf3 Qe7 6. d4 e4 7. Ne5 Qg5 8. Kf1
Ne7 9. h4 Qf5 10. g4 Qf6 11. g5 Qf5 12. Nxc6 bxc6 13. Be2 Bg3 14. Kg2 Qxf2#
{White checkmated} 0-1

[Event "Team 45 45 League T81"]
[Site "Internet Chess Club"]
[Date "2019.07.30"]
[Round "5"]
[White "Bizzy-Ketty"]
[Black "Covenanteer"]
[Result "1-0"]
[WhiteElo "1597"]
[BlackElo "1589"]
[Opening "Sicilian defense"]
[ECO "B40"]
[Time "15:00:25"]
[TimeControl "2700+45"]

1. e4 c5 2. Nf3 e6 3. g3 d6 4. Bg2 Nc6 5. O-O Nf6 6. Qe2 Qc7 7. c3 Be7 8. d4
cxd4 9. cxd4 O-O 10. Nc3 a6 11. Bd2 b5 12. Rac1 Qb6 13. Qd3 Nb4 14. Qb1 d5 15.
e5 Ne8 16. a3 Nc6 17. Qd3 g6 18. Rfd1 Ng7 19. Bh6 b4 20. Na4 Qc7 21. Qc2 Bd7 22.
Nc5 Rfc8 23. Nxd7 Qxd7 24. Qd3 Nf5 25. Bd2 bxa3 26. bxa3 Qa7 27. Be3 Na5 28. Nd2
Qd7 29. Rc3 Rxc3 30. Qxc3 Qa4 31. Ra1 Bf8 32. Bf3 Rb8 33. Bd1 Qb5 34. Rb1 Qxb1
35. Nxb1 Rxb1 36. Qxa5 Rxd1+ 37. Kg2 Ra1 38. a4 Ra2 39. Kh3 Re2 40. Qxa6 Nxe3
41. Qxe2 Nc4 42. Qe1 Bh6 43. a5 Bd2 44. Qb1 Bxa5 45. Kg2 Bd2 46. Qd3 Bh6 47. h4
Bf8 48. g4 h6 49. f4 Be7 50. Kg3 Kg7 51. f5 exf5 52. gxf5 gxf5 53. Qxf5 Ne3 54.
Qd7 h5 55. Kf3 Nc2 56. Qxe7 Nxd4+ 57. Kf4 Ne6+ 58. Kg3 d4 59. Qf6+ Kg8 60. Qh6
Ng7 61. Kf3 d3 62. Ke4 d2 63. Qxd2 Kh7 64. Qg5 Kg8 65. Kd5 Kh7 66. Kd6 Kg8 67.
Ke7 Kh7 68. Kxf7 {Black resigns} 1-0